 Dungeon Crawl Stone Soup version 0.30-a0-737-gf23d94013f (webtiles) character file.

Game seed: 3162537815181598086

192 rkjgk the Shield-Bearer (level 5, -1/47 HPs)
             Began as a Minotaur Fighter on Feb 2, 2023.
             Slain by an orc wizard
             ... wielding a +0 dagger
              (4 damage)
             ... on level 4 of the Dungeon.
             The game lasted 00:05:08 (2609 turns).

rkjgk the Shield-Bearer (Minotaur Fighter)          Turns: 2609, Time: 00:05:09

Health: -1/47      AC:  7    Str: 22    XL:     5   Next: 42%
Magic:  4/4        EV: 10    Int:  5    God:
Gold:   198        SH:  4    Dex: 10    Spells: 4/4 levels left

rFire   . . .      SeeInvis .    a - +0 flail
rCold   . . .      Faith    .    c - +0 buckler
rNeg    . . .      Spirit   .    b - +0 scale mail
rPois   .          Reflect  .    (helmet restricted)
rElec   .          Harm     .    (no cloak)
rCorr   .          Rampage  .    (no gloves)
Will    .....                    (no boots) Stlth
                                 (no amulet)
HPRegen 0.27/turn                (no ring)
MPRegen 0.09/turn                (no ring)

@: no status effects
A: horns 2, retaliatory headbutt
a: no special abilities


You were on level 4 of the Dungeon.
You visited 1 branch of the dungeon, and saw 4 of its levels.

You collected 198 gold pieces.

Inventory:

Hand Weapons
 a - a +0 flail (weapon)
Missiles
 h - a throwing net (quivered)
Armour
 b - a +0 scale mail (worn)
 c - a +0 buckler (worn)
Jewellery
 o - a ring of fire
Scrolls
 e - a scroll of summoning
Potions
 d - 2 potions of might
 f - a potion of ambrosia {unknown}
 g - a potion of curing
 i - 2 potions of resistance
 j - a potion of mutation {unknown}
 k - 2 potions of brilliance
 m - 2 potions of haste


   Skills:
 + Level 4.6 Fighting
 + Level 3.7 Maces & Flails
 + Level 4.6 Armour
 + Level 2.3 Dodging
 + Level 4.6 Shields


You had 4 spell levels left.
You didn't know any spells.
Your spell library contained the following spells:

 Spells                   Type           Power      Damage    Failure   Level
 Malign Gateway           Summ/Tloc      0%         N/A       100%        7
 Summon Horrible Things   Summ           0%         N/A       100%        8


Dungeon Overview and Level Annotations

Branches:
Dungeon (4/15)
 Temple: D:4-7

Altars:
Elyvilon
Nemelex Xobeh
Qazlal
Xom


Innate Abilities, Weirdness & Mutations

You have a pair of horns on your head.
You reflexively headbutt those who attack you in melee.


Message History

The orc wizard casts a spell.
The orc wizard flickers and vanishes!
Deactivating autopickup; reactivate with Ctrl-A.
No target in view!
No target in view!
No target in view!
No target in view!
No target in view!
No target in view!
No target in view!
Something hits you. Something hits you.
You barely miss something. Something hits you but does no damage.
You hear some strange, mumbled words.
You are confused.
The orc wizard mumbles some strange words.
The orc wizard flickers and vanishes!
You completely miss something. Your headbutt misses something.
Something hits you.
The orc priest looks encouraged for a moment.
You barely miss something. The orc hits you but does no damage.
Something hits you but does no damage. x2
The orc priest looks braver for a moment.
You closely miss something. The orc closely misses you.
The orc priest mumbles some strange prayers to Beogh against you.
Beogh smites you!
Something hits you but does no damage. x2
Something hits you but does no damage. The orc attacks as you move away!
The orc closely misses you.
You barely miss something.
You feel less confused.
The orc priest invokes the aid of Beogh against you.
Beogh smites you!
* * * LOW HITPOINT WARNING * * *
The orc hits you but does no damage.
You hear some strange, mumbled words.
A magic dart appears from out of thin air!
The magic dart hits you.
* * * LOW HITPOINT WARNING * * *
Something hits you but does no damage. Something hits you.
You die...

#+###..##..###....#....#..#...
#[. #..###....#....#..#... #..
#.........#....#..##.. #..
#.........#....#..##.. +..
#.....o...#....#..#... #.#
#...##....#....#..#... ###
##o###o...#....#..##.. ##o..
#.o.#{o...#....#..##).
#$8.8.#...+@{...'..).'..#...
#_$...o.+########....#..#...
#$8$8.#..............#..#...
##...##..............#..'...
#### ...............#..##..
...............#..##..
#...............#......
#...........#####...^..
+...........# ....####


You could see an orc priest and 2 orcs.

Vanquished Creatures
  A bullfrog (D:4)
  Terence (D:2)
  3 adders
  A dart slug (D:1)
  6 orcs
  4 ball pythons
  A bat (D:3)
  8 endoplasms
  3 giant cockroaches
  9 goblins
  A hobgoblin (D:1)
  2 jackals (D:3)
  8 kobolds
  5 quokkas
  A frilled lizard (D:1)
  6 rats
60 creatures vanquished.

Vanquished Creatures (collateral kills)
  An endoplasm (D:1)
  A quokka (D:1)
2 creatures vanquished.

Grand Total: 62 creatures vanquished

Notes
Turn   | Place    | Note
-------+----------+-------------------------------------------
     0 | D:1      | rkjgk the Minotaur Fighter began the quest for the Orb.
     0 | D:1      | Reached XP level 1. HP: 19/19 MP: 0/0
   185 | D:1      | Reached XP level 2. HP: 27/27 MP: 1/1
   514 | D:1      | Reached skill level 1 in Dodging
   602 | D:1      | Reached XP level 3. HP: 29/33 MP: 2/2
   941 | D:2      | Found a sparkling altar of Nemelex Xobeh.
  1145 | D:2      | Noticed Terence
  1152 | D:2      | Killed Terence
  1279 | D:2      | Reached XP level 4. HP: 40/40 MP: 3/3
  2463 | D:4      | Found a white marble altar of Elyvilon.
  2463 | D:4      | Found a stormy altar of Qazlal.
  2463 | D:4      | Found a shimmering altar of Xom.
  2478 | D:4      | Noticed a bullfrog
  2483 | D:4      | Killed a bullfrog
  2484 | D:4      | Reached XP level 5. HP: 34/47 MP: 4/4
  2609 | D:4      | Slain by an orc wizard

Illustrated notes

Levels and vault maps discovered:
D:1:      dpeg_arrival_arbitrary_b, layout_basic, serial_glass, glass_columns_c,
          glass_columns_a, glass_columns_c, glass_columns_a
D:2:      layout_basic, basic_altar, uniq_terence
D:3:      layout_basic, st_stairs_4, nicolae_kite_square_tiling_tiny
D:4:      layout_gridville, gammafunk_temple_overflow_claw,
          kennysheep_orc_chapel

Skill      XL: |  1  2  3  4 |
---------------+-------------+-----
Dodging        | 1 2 |  2.3
Fighting       | 4 |  4.6
Armour         | 4 |  4.6
Shields        | 4 |  4.6
Maces & Flails | 3 |  3.7

Action                     |  1- 3 |  4- 6 || total
---------------------------+-------+-------++-------
  Melee: Flail             |    83 |    57 ||   140
         Headbutt          |     8 |     7 ||    15
    Use: Scroll            |     5 |     7 ||    12
 Armour: Scale mail        |    30 |    32 ||    62
  Dodge: Dodged            |    36 |    24 ||    60
  Block: Buckler           |    29 |    16 ||    45

Table legend: (Time is in decaauts)
 A = Elapsed time spent in this place.
 B = Non-inter-level travel time spent in this place.
 C = Inter-level travel time spent in this place.
 D = Time resting spent in this place.
 E = Time spent auto-exploring this place.
 F = Levels seen in this place.
 G = Mean time per level.
                   A        B        C        D        E       F      G
               +--------+--------+--------+--------+--------+-----+--------+
         Total |   2647 |   2548 |     99 |      0 |   2096 |   4 |  661.8 |
       Dungeon |   2647 |   2548 |     99 |      0 |   2096 |   4 |  661.8 |
               +--------+--------+--------+--------+--------+-----+--------+

Top non-repeatable levels by time:
     D:1: 951 daAuts
     D:2: 804 daAuts
     D:3: 593 daAuts
     D:4: 298 daAuts
